 Dungeon Crawl Stone Soup version 0.31-a0-175-g9f7f995f2b (webtiles) character file.

Game seed: 18311537272181393729

139 qw the Shooter (level 5, 0/32 HPs)
             Began as a Gargoyle Hunter on June 17, 2023.
             Slain by Sigmund
             ... wielding a +0 scythe
              (1 damage)
             ... on level 3 of the Dungeon.
             The game lasted 00:00:45 (1873 turns).

qw the Shooter (Gargoyle Hunter)                    Turns: 1873, Time: 00:00:46

Health: 0/32       AC:  9    Str: 14 (15) XL:     5   Next: 22%
Magic:  5/5        EV: 11    Int:  6 (9)  God:
Gold:   90         SH:  0    Dex: 13 (15) Spells: 4/4 levels left

rFire   . . .        Y - +0 shortbow
rCold   . . .        (shield currently unavailable)
rNeg    + . .        c - +0 leather armour
rPois   inf          (no helmet)
rElec   +            g - +0 cloak
rCorr   .            i - +0 pair of gloves
SInv    .            (no boots)
Will    .....        (no amulet)
Stlth   +            (no ring)
HPRegen 0.25/turn    (no ring)
MPRegen 0.09/turn

%: no passive effects
@: no status effects
A: sickness immunity, AC +4, negative energy resistance 1, electricity
resistance, torment resistance 1, petrification resistance
a: no special abilities


You were on level 3 of the Dungeon.
You visited 1 branch of the dungeon, and saw 3 of its levels.

You collected 90 gold pieces.


Innate Abilities, Weirdness & Mutations

You are immune to sickness and miasma.
Your stone body is resilient. (AC +4)
You are immune to poison.
You resist negative energy. (rN+)
You are resistant to electric shocks. (rElec)
You are resistant to unholy torment.
You are immune to petrification.


   Skills:
 - Level 3.2 Fighting
 + Level 5.5 Ranged Weapons
 - Level 1.8 Armour
 - Level 1.5 Dodging
 - Level 1.1 Stealth


You had 4 spell levels left.
You didn't know any spells.
Your spell library was empty.

Inventory:

Hand Weapons
 Y - a +0 shortbow (weapon)
Armour
 c - a +0 leather armour (worn)
 g - a +0 cloak (worn)
 i - a +0 pair of gloves (worn)
Jewellery
 f - a ring of fire
Scrolls
 d - a scroll of teleportation
Potions
 b - 3 potions of resistance
 e - a potion of might {unknown}
 h - a potion of lignification {unknown}
 j - a potion of curing {unknown}
 k - a potion of magic {unknown}

Dungeon Overview and Level Annotations

Branches:
Dungeon (3/15)

Altars:

Annotations:
D:3 Sigmund


Message History

Sigmund is heavily wounded.
Sigmund casts a spell at you.
The puff of flame hits you but does no damage.
Sigmund points at you and mumbles some strange words.
The magic dart hits you!
You shoot an arrow. The arrow completely misses Sigmund.
Sigmund misses you.
You shoot an arrow.
The arrow hits Sigmund but does no damage.
Sigmund is heavily wounded.
Sigmund whispers, "You'll know eternity soon."
Sigmund hits you but does no damage.
You shoot an arrow. The arrow barely misses Sigmund.
You shoot an arrow. The arrow hits Sigmund.
Sigmund is severely wounded.
Sigmund screams, "Die, monster!"
Sigmund hits you from afar with a +0 scythe.
You shoot an arrow. The arrow hits Sigmund.
Sigmund is severely wounded.
Sigmund casts a spell at you.
You are confused.
Sigmund gestures wildly while chanting.
Sigmund flickers and vanishes!
Deactivating autopickup; reactivate with Ctrl-A.
You shoot an arrow. Something hits you.
You shoot an arrow. Something hits you.
You shoot an arrow. You shoot an arrow. Something hits you but does no damage.
You shoot an arrow. Something hits you.
You shoot an arrow.
You feel less confused.
You shoot an arrow. Something hits you!
You shoot an arrow. Something hits you.
You die...

##########
....%....#
########.# .
#.# ##...
#####.##...#
#.....@..#
######.
#.###.#.##
....... #.#
#.#{.#
####### #.#
#...... #
#.# ########
# #.# # #.#
# #.# #.#


There were no monsters in sight!

Vanquished Creatures
  Natasha (thrice) (D:2)
  2 adders (D:2)
  A worm (D:2)
  A dart slug (D:1)
  An orc (D:3)
  2 bats (D:1)
  2 endoplasms
  2 giant cockroaches
  6 goblins
  2 hobgoblins
  3 jackals (D:1)
  4 kobolds
  2 quokkas (D:1)
  5 ball pythons (D:1)
  4 frilled lizards
  5 rats
45 creatures vanquished.

Notes
Turn   | Place    | Note
-------+----------+-------------------------------------------
     0 | D:1      | qw the Gargoyle Hunter began the quest for the Orb.
     0 | D:1      | Reached XP level 1. HP: 12/12 MP: 1/1
     0 | D:1      | 0 ||| qw: Version: 0.3-a-2-g5ab2908
     0 | D:1      | 0 ||| qw: Game counter: 219
     0 | D:1      | 0 ||| qw: Always use a shield: true
     0 | D:1      | 0 ||| qw: God list: Okawaru
     0 | D:1      | 0 ||| qw: Allow faded altars: false
     0 | D:1      | 0 ||| qw: Do Orc after D:15 true
     0 | D:1      | 0 ||| qw: Do second Lair branch before Depths: true
     0 | D:1      | 0 ||| qw: Lair rune preference: random
     0 | D:1      | 0 ||| qw: Plans: Normal, Zot:1-4, Slime:5, God:TSO, Crypt,
                  | Tomb, Abyss, Pan, Hells, Win
     0 | D:1      | 0 ||| PLANNING D:1-11
   282 | D:1      | Reached XP level 2. HP: 6/17 MP: 2/2
   408 | D:1      | 408 ||| FLEEEEING.
   648 | D:1      | Reached XP level 3. HP: 21/21 MP: 3/3
   699 | D:1      | Reached skill level 5 in Ranged Weapons
   794 | D:1      | 794 ||| UPGRADING to +0 cloak.
   799 | D:1      | 799 ||| UPGRADING to +0 pair of gloves.
   804 | D:1      | 804 ||| READING scroll labelled KUERIR PETAA.
   805 | D:1      | 805 ||| READING scroll labelled TIXUURRAASY.
   806 | D:1      | 806 ||| READING scroll labelled ZOATRYKIEW.
   807 | D:1      | 807 ||| READING scroll labelled SEARACH CEUJO.
   811 | D:1      | 811 ||| DROPPING scroll of butterflies.
   892 | D:2      | Noticed Natasha
   901 | D:2      | Killed Natasha
   902 | D:2      | Reached skill level 3 in Fighting
   902 | D:2      | Reached XP level 4. HP: 20/28 MP: 4/4
  1097 | D:2      | Noticed Natasha
  1102 | D:2      | Killed Natasha
  1103 | D:2      | Reached skill level 1 in Armour
  1312 | D:2      | Noticed Natasha
  1317 | D:2      | Killed Natasha
  1318 | D:2      | Reached XP level 5. HP: 32/32 MP: 5/5
  1627 | D:2      | 1627 ||| READING scroll labelled XIETIQ DIDGHUPY.
  1628 | D:2      | 1628 ||| READING scroll labelled HEJUEWKUEMP.
  1729 | D:2      | 1729 ||| READING scroll labelled XEODER QEOC.
  1730 | D:2      | 1730 ||| DRINKING 2 fuming grey potions.
  1731 | D:2      | 1731 ||| DRINKING 4 smoky inky potions.
  1732 | D:2      | 1732 ||| DROPPING potion of degeneration.
  1854 | D:3      | Noticed Sigmund
  1870 | D:3      | HP: 8/32 [something (4)]
  1872 | D:3      | HP: 1/32 [something (7)]
  1873 | D:3      | Slain by Sigmund

Levels and vault maps discovered:
D:1:      dpeg_arrival_connections, layout_loops_ring, fountainhead
D:2:      layout_basic, minmay_misc_feat_secret_circle, uniq_natasha
D:3:      layout_loops_ring, grunt_temple_overflow_diamond,
          nicolae_vehumet_radiance, hellmonk_ecumenical_altar_heavens_door,
          uniq_terence, uniq_sigmund

Skill      XL: |  1  2  3  4 |
---------------+-------------+-----
Ranged Weapons | 5 |  5.5
Fighting       | 3 |  3.2
Armour         | 1 |  1.8
Dodging        | |  1.5
Stealth        | |  1.1

Action                     |  1- 3 |  4- 6 || total
---------------------------+-------+-------++-------
   Fire: Shortbow          |    94 |    68 ||   162
    Use: Scroll            |     4 |     3 ||     7
         Potion            |       |     2 ||     2
 Armour: Leather armour    |    17 |    10 ||    27
  Dodge: Dodged            |    16 |     6 ||    22

Table legend:
 A = Non-vault XP
 B = Vault XP
 C = Vault XP percentage of total XP
 D = Non-vault monster count
 E = Vault monster count
 F = Vault count percentage of total count
                 A         B        C        D         E       F
            +---------+---------+-------+---------+---------+-------
      Total |     164 |      35 |  17.6 |      44 |       1 |   2.2
            +---------+---------+-------+---------+---------+-------
        D:1 |      44 |       0 |   0.0 |      26 |       0 |   0.0
        D:2 |     111 |      35 |  24.0 |      13 |       1 |   7.1
        D:3 |       9 |       0 |   0.0 |       5 |       0 |   0.0
            +---------+---------+-------+---------+---------+-------
